 Dungeon Crawl Stone Soup version 0.24-a0-284-g9fb9971 (webtiles) character file.

Game seed: 16860557097206316749

7751 mhoghedin the Skirmisher (level 10, -6/86 HPs)
             Began as a Demigod Necromancer on May 5, 2019.
             Mangled by Urug
             ... wielding a +3 demon trident of draining
              (10 damage)
             ... on level 2 of the Lair of Beasts.
             The game lasted 00:32:11 (12736 turns).

mhoghedin the Skirmisher (Demigod Necromancer)     Turns: 12736, Time: 00:32:12

Health: -6/86      AC:  6    Str: 11    XL:     10   Next: 69%
Magic:  1/21       EV: 15    Int: 30    God:
Gold:   451        SH:  0    Dex: 16    Spells: 3/19 levels left

rFire    . . .     SeeInvis .   g - +2 whip (elec)
rCold    + . .     Gourm    .   (no shield)
rNeg     . . .     Faith    .   w - +0 leather armour {rC+}
rPois    .         Spirit   .   a - +0 helmet
rElec    .         Reflect  .   i - +1 cloak
rCorr    .         Harm     .   (no gloves)
MR       +....                  (no boots)
Stlth    ++........             o - amulet of the acrobat
HPRegen  0.24/turn              (no ring)
MPRegen  0.17/turn              (no ring)

@: brilliant, very slightly contaminated, heavily drained
A: high mp 1
a: no special abilities


You were on level 2 of the Lair of Beasts.
You were not hungry.

You visited 2 branches of the dungeon, and saw 10 of its levels.

You collected 451 gold pieces.

Inventory:

Hand Weapons
 f - a +3 short sword of flaming
   (You took it off a kobold on level 1 of the Dungeon)
 g - a +2 whip of electrocution (weapon)
   (You found it on level 3 of the Dungeon)
Armour
 a - a +0 helmet (worn)
   (You found it on level 5 of the Dungeon)
 i - a +1 cloak (worn)
   (You found it on level 3 of the Dungeon)
 w - a +0 leather armour of cold resistance (worn)
   (You found it on level 4 of the Dungeon)
Magical Staves
 A - an uncursed staff of wizardry {wiz+, !a}
   (You found it on level 8 of the Dungeon)
Jewellery
 o - an amulet of the acrobat (around neck)
   (You found it on level 1 of the Dungeon)
 z - an uncursed amulet of guardian spirit {Spirit}
   (You found it on level 7 of the Dungeon)
Wands
 b - a wand of disintegration (8)
   (You found it on level 2 of the Lair of Beasts)
 r - a wand of paralysis (29)
   (You found it on level 6 of the Dungeon)
 y - a wand of random effects (33)
   (You found it on level 7 of the Dungeon)
 B - a wand of digging (6)
   (You found it on level 8 of the Dungeon)
 C - a wand of iceblast (6)
   (You found it on level 8 of the Dungeon)
Scrolls
 e - 4 scrolls of teleportation
 m - 2 scrolls of blinking {!r}
 n - a scroll of enchant armour
 q - 2 scrolls of immolation {!r}
 t - a scroll of amnesia
 u - a scroll of fear
 v - 3 scrolls of remove curse
 x - a scroll of summoning {unknown}
Potions
 d - 5 potions of curing
 h - 3 potions of lignification {!q}
 j - a potion of invisibility {unknown}
 k - a potion of cancellation {unknown}
 l - a potion of berserk rage {unknown}
 p - 2 potions of brilliance
 s - 2 potions of heal wounds
Comestibles
 c - 11 rations


   Skills:
 - Level 7.3(5.8) Fighting
 - Level 1.8(0.6) Short Blades
 - Level 7.0(5.5) Maces & Flails
 - Level 7.0(5.6) Dodging
 - Level 2.1(0.8) Stealth
 + Level 5.1(3.7) Spellcasting
 + Level 4.7(3.3) Summonings
 - Level 5.7(4.3) Necromancy
 + Level 3.2(1.9) Ice Magic


You had 3 spell levels left.
You knew the following spells:

 Your Spells              Type           Power        Failure   Level  Hunger
a - Animate Dead          Necr           N/A          1%          4    ####...
b - Summon Ice Beast      Ice/Summ       #####...     3%          4    ####...
r - Regeneration          Chrm/Necr      #####.....   1%          3    ##.....
x - Vampiric Draining     Necr           #####.....   1%          3    ##.....
A - Animate Skeleton      Necr           N/A          1%          1    None
B - Summon Butterflies    Summ           #####...     1%          1    None

Your spell library contained the following spells:

 Spells                   Type           Power        Failure   Level  Hunger
 Corona                   Hex            ###....      1%          1    None
 Pain                     Necr           ####         1%          1    None
 Slow                     Hex            ###.....     1%          2    None
 Call Canine Familiar     Summ           #####...     1%          3    ##.....
 Inner Flame              Hex/Fire       ###.....     3%          3    ##.....
 Portal Projectile        Hex/Tloc       ###...       3%          3    ##.....
 Cause Fear               Hex            ###.......   10%         4    ####...
 Leda's Liquefaction      Hex/Erth       ###.......   10%         4    ####...
 Summon Mana Viper        Hex/Summ       ####....     13%         5    #####..
 Summon Hydra             Summ           #####.....   80%         7    #######


Dungeon Overview and Level Annotations

Branches:
Dungeon (8/15)             Temple (0/1) D:4            Lair (2/6) D:8
  Swamp: Lair:2-4    Shoals: Lair:2-4     Snake: Lair:2-4    Spider: Lair:2-4

Shops:
D:4 *   D:7 [*

Annotations:
Lair:2 Urug


Innate Abilities, Weirdness & Mutations

You have an increased reservoir of magic. (+10% MP)


Message History

* * * LOW HITPOINT WARNING * * *
A chill wind blows around you.
Your ice beast barely misses Urug.
Urug throws a javelin.
The javelin closely misses you.
You take 34 damage, and have 18/86 hp.
MASSIVE DAMAGE!!
You now have 6/21 mp.
Your ice beast hits Urug.
Your ice beast freezes Urug!
Really quaff
h - 3 potions of lignification {!q}?
Okay, then.
Unknown command.
Your ice beast hits Urug but does no damage.
Urug throws a javelin.
The javelin closely misses your ice beast.
The javelin barely misses you.
Your ice beast barely misses Urug.
You feel much better.
Your ice beast hits Urug but does no damage.
Urug throws a javelin.
The javelin hits your ice beast!
Your ice beast hits Urug but does no damage.
You regained 14 hp, and now have 33/86 hp.
Your ice beast hits Urug but does no damage.
Urug throws a javelin.
The javelin hits your ice beast.
Your ice beast hits Urug but does no damage.
Your ice beast misses Urug.
Urug throws a javelin.
The javelin barely misses your ice beast.
The javelin completely misses you.
Your ice beast hits Urug.
Your ice beast freezes Urug!
Your ice beast hits Urug but does no damage.
Urug hits your ice beast but does no damage.
Your ice beast hits Urug.
Your ice beast freezes Urug!
Your ice beast hits Urug but does no damage.
Urug screams at your ice beast, "Prepare for a defeathering!"
Urug closely misses your ice beast.
Your ice beast hits Urug but does no damage.
Your ice beast hits Urug but does no damage.
Urug hits your ice beast with a +3 demon trident of draining!
Your ice beast dies!
Urug shouts!
Okay, then.
Unknown command.
Your ice beast hits Urug but does no damage.
Urug zaps a wand.
The burst of metal fragments misses you.
The burst of metal fragments hits your butterfly!
Your butterfly dies!
The burst of metal fragments misses you. x4
The burst of metal fragments hits your butterfly!
Your butterfly dies!
The now-empty wand crumbles to dust.
You now have 7/21 mp.
Your ice beast hits Urug but does no damage.
Aim: Urug, wielding a +3 demon trident of draining and wearing a +0 ring mail (heavily wounded, chance to defeat MR: 28%)
Okay, then.
Unknown command.
Urug hits your butterfly with a +3 demon trident of draining!!
Your butterfly dies!
Aim: Urug, wielding a +3 demon trident of draining and wearing a +0 ring mail (heavily wounded, chance to defeat MR: 28%) Urug easily resists.
Your ice beast completely misses Urug.
Your ice beast closely misses Urug.
That item cannot be evoked!
Aim: Urug, wielding a +3 demon trident of draining and wearing a +0 ring mail (heavily wounded, chance to defeat MR: 28%) Urug easily resists.
Urug barely misses you.
Aim: Urug, wielding a +3 demon trident of draining and wearing a +0 ring mail (heavily wounded, chance to defeat MR: 28%) Urug easily resists.
Your ice beast hits Urug but does no damage.
Urug hits you but does no damage.
You feel drained.
Your ice beast barely misses Urug.
Okay, then.
Unknown command.
You feel clever all of a sudden.
Your ice beast hits Urug but does no damage.
You don't know that spell.
Unknown command.
Unknown command.
Okay, then.
Unknown command.
A chill wind blows around you. Urug closely misses you.
You now have 5/21 mp.
Your ice beast disappears in a puff of smoke!
Urug grins evilly.
Your ice beast closely misses Urug.
A chill wind blows around you.
Urug hits you from afar with a +3 demon trident of draining!
You feel drained.
Your ice beast misses Urug.
You take 9 damage, and have 28/86 hp.
You now have 1/21 mp.
Your ice beast closely misses Urug.
What are your orders? t - Shout!
Orders for allies: a - Attack new target. p - Attack previous target. r - Retreat! s - Stop attacking. g - Guard the area. f - Follow me.
Anything else - Cancel.
Gang up on whom?
Aim: Urug, wielding a +3 demon trident of draining and wearing a +0 ring mail (heavily wounded) Attack!
Urug hits you from afar with a +3 demon trident of draining!!
* * * LOW HITPOINT WARNING * * *
You feel drained.
You die...

### ### ### ### ### #.## ###
###.###.# #.#
###P#####..######P###..#.##.####.
..............Y..................
......†.....b.o.@........#.###..#
.##...#(....##.P##.#.#...### ####
...###.##...#...Y.....#...#######
.......##..(#b...................
.......##.............#.........#
.......##......................##
.......#....#.........#.....##.#.
.P..PP.#.................#####..#
.#..##.#....P.#.#P..P.#..##....##


You could see Urug and a friendly ice beast.

Vanquished Creatures
  2 spiny frogs
  A komodo dragon (Lair:1)
  A rime drake (Lair:2)
  2 hippogriffs (Lair:1)
  Grinder (D:5)
  A wyvern (Lair:1)
  5 yaks (Lair:1)
  2 basilisks
  3 hungry ghosts
  4 water moccasins
  4 porcupines
  An orc warrior (D:6)
  A phantom (D:4)
  3 black bears (D:8)
  An ice beast (D:7)
  3 ogres
  5 wolves
  2 centaurs (D:6)
  8 crocodiles
  2 bullfrogs (Lair:1)
  A water moccasin zombie (D:7)
  A howler monkey (D:8)
  3 crimson imps
  5 orc priests
  2 hounds
  A jelly (D:6)
  3 orc wizards
  An iron imp (D:8)
  Jessica (D:2)
  A bullfrog skeleton (D:4)
  4 iguanas
  9 worker ants
  A hound zombie (D:6)
  4 gnolls (D:7)
  12 adders
  4 shadow imps
  An ooze (D:3)
  An adder skeleton (D:4)
  2 worms
  2 dart slugs
  A leopard gecko (D:2)
  20 orcs
  2 ball pythons
  8 giant cockroaches
  5 goblins
  7 hobgoblins
  5 quokkas
  14 bats
  11 frilled lizards
  2 goblin zombies (D:8)
  A jackal skeleton (D:6)
  10 kobolds
  A kobold skeleton (D:8)
  A kobold zombie (D:8)
  A leopard gecko skeleton (D:4)
  3 orc skeletons (D:8)
  2 orc zombies (D:8)
  A quokka skeleton (D:6)
  11 rats
217 creatures vanquished.

Vanquished Creatures (collateral kills)
  A hydra (Lair:2)
  A yak (Lair:1)
  A basilisk (Lair:2)
3 creatures vanquished.

Grand Total: 220 creatures vanquished

Notes
Turn   | Place    | Note
-------+----------+-------------------------------------------
     0 | D:1      | mhoghedin the Demigod Necromancer began the quest for the
                  | Orb.
     0 | D:1      | Reached XP level 1. HP: 14/14 MP: 5/5
   159 | D:1      | Reached skill level 2 in Spellcasting
   296 | D:1      | Learned a level 1 spell: Animate Skeleton
   415 | D:1      | Reached XP level 2. HP: 18/20 MP: 7/7
   837 | D:1      | Reached skill level 4 in Necromancy
  1468 | D:2      | Reached XP level 3. HP: 27/27 MP: 9/9
  1689 | D:2      | Reached skill level 1 in Fighting
  1689 | D:2      | Reached skill level 1 in Short Blades
  1745 | D:2      | Noticed Jessica
  1757 | D:2      | Killed Jessica
  2128 | D:2      | Reached XP level 4. HP: 35/35 MP: 10/10
  2465 | D:3      | Reached skill level 2 in Stealth
  2946 | D:3      | Learned a level 3 spell: Vampiric Draining
  2950 | D:3      | Learned a level 3 spell: Regeneration
  3160 | D:3      | Reached skill level 2 in Fighting
  3595 | D:4      | Reached skill level 1 in Maces & Flails
  3622 | D:4      | Reached XP level 5. HP: 39/42 MP: 4/11
  3790 | D:4      | Found Bifell's Serpentskin Sales.
  3833 | D:4      | Reached skill level 3 in Fighting
  3833 | D:4      | Reached skill level 2 in Maces & Flails
  4093 | D:4      | Noticed a phantom
  4107 | D:4      | Killed a phantom
  4107 | D:4      | Reached XP level 6. HP: 21/51 MP: 12/12
  4366 | D:4      | Found a staircase to the Ecumenical Temple.
  4371 | D:4      | Reached skill level 3 in Maces & Flails
  4936 | D:5      | Entered Level 5 of the Dungeon
  4939 | D:5      | Reached skill level 4 in Fighting
  5199 | D:5      | Found a white marble altar of Elyvilon.
  5367 | D:5      | Reached XP level 7. HP: 33/60 MP: 0/13
  5570 | D:5      | Noticed Grinder
  5588 | D:5      | Killed Grinder
  5588 | D:5      | Reached skill level 4 in Maces & Flails
  5859 | D:6      | Reached skill level 5 in Fighting
  5936 | D:6      | HP: 15/61 [centaur/arrow (12)]
  5937 | D:6      | HP: 2/61 [orc priest/divine providence (13)]
  6469 | D:6      | Reached skill level 5 in Maces & Flails
  6585 | D:6      | Found an iron altar of Okawaru.
  6628 | D:6      | Reached skill level 6 in Fighting
  6628 | D:6      | Reached XP level 8. HP: 38/70 MP: 3/14
  6769 | D:6      | Reached skill level 6 in Maces & Flails
  6982 | D:6      | Learned a level 4 spell: Animate Dead
  7385 | D:6      | Found a bloodstained altar of Trog.
  7554 | D:7      | Reached skill level 7 in Fighting
  7630 | D:7      | Found Cakil's Antique Armour Shoppe.
  7856 | D:7      | Found a shattered altar of Ashenzari.
  7890 | D:7      | Reached skill level 7 in Maces & Flails
  8049 | D:7      | Reached skill level 2 in Dodging
  8081 | D:7      | Found a basalt altar of Yredelemnul.
  8096 | D:7      | Found Tiocos's Assorted Antiques.
  8120 | D:7      | Found an opulent altar of Gozag.
  8120 | D:7      | Found a glowing silver altar of Zin.
  8209 | D:7      | Found a radiant altar of Vehumet.
  8432 | D:8      | Reached skill level 3 in Dodging
  8432 | D:8      | Reached XP level 9. HP: 48/79 MP: 3/15
  8444 | D:8      | Reached skill level 4 in Dodging
  8725 | D:8      | Reached skill level 5 in Dodging
  8845 | D:8      | Found a staircase to the Lair.
  9006 | D:8      | Reached skill level 6 in Dodging
  9222 | D:8      | Found a glowing golden altar of the Shining One.
  9392 | D:8      | Reached skill level 7 in Dodging
  9565 | Lair:1   | Entered Level 1 of the Lair of Beasts
  9859 | Lair:1   | Noticed a komodo dragon
  9876 | Lair:1   | Killed a komodo dragon
  9991 | Lair:1   | Reached skill level 5 in Necromancy
 10277 | Lair:1   | Learned a level 1 spell: Summon Butterflies
 10360 | Lair:1   | Reached skill level 1 in Summonings
 10369 | Lair:1   | HP: 17/79 [wolf (11)]
 10370 | Lair:1   | Reached XP level 10. HP: 18/86 MP: 2/17
 10664 | Lair:1   | Reached skill level 3 in Spellcasting
 10822 | Lair:1   | Reached skill level 2 in Summonings
 11454 | Lair:1   | Reached skill level 3 in Summonings
 11596 | Lair:1   | Learned a level 4 spell: Summon Ice Beast
 11812 | Lair:1   | Reached skill level 4 in Spellcasting
 11817 | Lair:1   | Reached skill level 1 in Ice Magic
 12015 | Lair:1   | Reached skill level 2 in Ice Magic
 12020 | Lair:1   | Reached skill level 4 in Summonings
 12294 | Lair:2   | Noticed an eight-headed hydra
 12308 | Lair:2   | Killed an eight-headed hydra
 12308 | Lair:2   | Reached skill level 5 in Spellcasting
 12308 | Lair:2   | Reached skill level 3 in Ice Magic
 12697 | Lair:2   | Noticed Urug
 12711 | Lair:2   | HP: 18/86 [Urug/javelin (27)]
 12736 | Lair:2   | HP: 4/86 [Urug/+3 demon trident of draining (24)]
 12736 | Lair:2   | Mangled by Urug

Levels and vault maps discovered:
D:1:      dpeg_arrival_windows_large_door, layout_basic
D:2:      layout_basic, first_ration, hangedman_decor_push, uniq_jessica
D:3:      layout_basic, minmay_circle_x
D:4:      mumra_celtic_spiral_tile, layout_basic,
          minmay_temple_entry_statues_fountains, guppyfry_shop_venom
D:5:      layout_loops_corners, elyvilon_altar_3, uniq_grinder
D:6:      layout_cave_pools, basic_altar, trog_hazing_becter
D:7:      layout_basic, grunt_temple_overflow_gold_and_silver,
          nicolae_overflow_hidden_temple, serial_shops, nicolae_shop_trees,
          nicolae_shop_statue_plus, evilmike_ruin_ashenzari
D:8:      layout_cave_pools, nicolae_tso_besieged_by_evil,
          minmay_lair_entry_grove, lemuel_flamethrower_2
Lair:1:   layout_layer_cave
Lair:2:   layout_regular_city, minmay_shoals_entry_hut, serial_bayou_shore_a,
          lemuel_fruit_fields, infiniplex_staircase_pool_2, uniq_urug

Skill      XL: |  1  2  3  4  5  6  7  8  9 10 |
---------------+-------------------------------+-----
Spellcasting   | 2 5 |  5.1
Necromancy     | 4 5 |  5.7
Fighting       | 1 2 3 4 6 7 |  7.3
Short Blades   | 1 |  1.8
Stealth        | 2 |  2.1
Maces & Flails | 1 2 3 5 7 |  7.0
Dodging        | 3 7 |  7.0
Summonings     | 1 4 |  4.7
Ice Magic      | 3 |  3.2

Action                   |  1- 3 |  4- 6 |  7- 9 | 10-12 || total
-------------------------+-------+-------+-------+-------++-------
Melee: Short sword       |    88 |    37 |       |       ||   125
       Whip              |       |   116 |   454 |   123 ||   693
 Cast: Pain              |    15 |     2 |       |       ||    17
       Vampiric Draining |       |     9 |    20 |    17 ||    46
       Regeneration      |       |       |     1 |     6 ||     7
       Animate Dead      |       |       |     1 |     2 ||     3
       Summon Ice Beast  |       |       |       |     9 ||     9
       Summon Butterflie |       |       |       |     2 ||     2
Evoke: Wand              |       |       |     3 |     3 ||     6
  Use: Scroll            |     1 |    11 |     7 |     1 ||    20
       Potion            |       |       |     5 |     2 ||     7
 Stab: Sleeping          |     5 |    14 |     5 |     1 ||    25
       Distracted        |       |       |     1 |       ||     1
  Eat: Chunk             |     4 |     7 |    18 |     4 ||    33
       Ration            |       |     1 |     2 |     2 ||     5
Armor: Robe              |    19 |    31 |       |       ||    50
       Leather armour    |       |     3 |   104 |    13 ||   120
Dodge: Dodged            |    61 |   100 |   325 |   119 ||   605

Table legend:
 A = Non-vault XP
 B = Vault XP
 C = Vault XP percentage of total XP
 D = Non-vault monster count
 E = Vault monster count
 F = Vault count percentage of total count
                 A         B        C        D         E       F
            +---------+---------+-------+---------+---------+-------
      Total |    9322 |    1751 |  15.8 |     182 |      38 |  17.3
            +---------+---------+-------+---------+---------+-------
        D:1 |      30 |       0 |   0.0 |      21 |       0 |   0.0
        D:2 |      52 |      37 |  41.6 |      23 |       1 |   4.2
        D:3 |      39 |      25 |  39.1 |      15 |       7 |  31.8
        D:4 |     457 |      27 |   5.6 |      16 |       2 |  11.1
        D:5 |     250 |     254 |  50.4 |      13 |       1 |   7.1
        D:6 |    1208 |      12 |   1.0 |      36 |       6 |  14.3
        D:7 |     728 |       0 |   0.0 |      16 |       0 |   0.0
        D:8 |     487 |    1396 |  74.1 |      10 |      21 |  67.7
     Lair:1 |    4317 |       0 |   0.0 |      25 |       0 |   0.0
     Lair:2 |    1754 |       0 |   0.0 |       7 |       0 |   0.0
            +---------+---------+-------+---------+---------+-------

Levels and vault maps discovered:
D:1:      dpeg_arrival_windows_large_door, layout_basic
D:2:      layout_basic, first_ration, hangedman_decor_push, uniq_jessica
D:3:      layout_basic, minmay_circle_x
D:4:      mumra_celtic_spiral_tile, layout_basic,
          minmay_temple_entry_statues_fountains, guppyfry_shop_venom
D:5:      layout_loops_corners, elyvilon_altar_3, uniq_grinder
D:6:      layout_cave_pools, basic_altar, trog_hazing_becter
D:7:      layout_basic, grunt_temple_overflow_gold_and_silver,
          nicolae_overflow_hidden_temple, serial_shops, nicolae_shop_trees,
          nicolae_shop_statue_plus, evilmike_ruin_ashenzari
D:8:      layout_cave_pools, nicolae_tso_besieged_by_evil,
          minmay_lair_entry_grove, lemuel_flamethrower_2
Lair:1:   layout_layer_cave
Lair:2:   layout_regular_city, minmay_shoals_entry_hut, serial_bayou_shore_a,
          lemuel_fruit_fields, infiniplex_staircase_pool_2, uniq_urug

Table legend:
 A = Turns spent in this place as a percentage of turns spent in the entire game.
 B = Non-inter-level travel turns spent in this place as a percentage of non-inter-level travel turns spent in the entire game.
 C = Inter-level travel turns spent in this place as a percentage of turns spent in this place.
 D = Turns resting spent in this place as a percentage of non-inter-level travel turns spent in this place.
 E = Turns spent auto-exploring this place as a percentage of non-inter-level travel turns spent in this place.
 F = Non-inter-level travel turns spent in this place divided by the number of levels of this place that you've seen.
                   A       B       C       D       E      F
               +-------+-------+-------+-------+-------+----------------------
         Total | 100.0 | 100.0 |   3.3 |  40.7 |  41.3 | 1231.8
       Dungeon |  75.1 |  74.6 |   3.9 |  36.0 |  46.0 | 1149.4
          Lair |  24.9 |  25.4 |   1.5 |  54.5 |  27.5 | 1561.5
               +-------+-------+-------+-------+-------+----------------------

Table legend:
 A = Kills in this place as a percentage of kills in entire the game.
 B = Kills by you in this place as a percentage of kills by you in the entire game.
 C = Kills by friends in this place as a percentage of kills by friends in the entire game.
 D = Other kills in this place as a percentage of other kills in the entire game.
 E = Experience gained in this place as a percentage of experience gained in the entire game.
 F = Experience gained in this place divided by the number of levels of this place that you have seen.
                   A       B       C       D       E      F
               +-------+-------+-------+-------+-------+----------------------
         Total | 100.0 | 100.0 | 100.0 |   N/A | 100.0 | 1107.3
       Dungeon |  85.5 |  86.6 |   0.0 |   N/A |  45.2 | 625.2
          Lair |  14.5 |  13.4 | 100.0 |   N/A |  54.8 | 3035.5
               +-------+-------+-------+-------+-------+----------------------
